Map: Eternal Empire LE

Players

HeroMarine - Winner!

  • Race: Terran Terran
  • Spawn Location: 1:00

Neeblet (Neeb)

  • Race: Protoss Protoss
  • Spawn Location: 7:00

Event: StayAtHomestory Cup #1

VOD

Have the link to the VOD?

Description

Time

  • Played on: April 11, 2020, 9:19 a.m.
  • Length: 10:12

All games in this series

Show
View Real Time Build Order
Export as new Build Order

HeroMarine Terran - Winner!

Build Orders: Reaper Expand 

Get SALT Encoding   

  12  0:00  SCV  
  13  0:12  SCV  
  14  0:17  Supply Depot  
  14  0:25  SCV  
  15  0:38  SCV  
  15  0:40  Barracks  
  16  0:43  Refinery  
  16  0:50  SCV  
  17  1:03  SCV  
  18  1:15  SCV  
  19  1:27  Reaper, Orbital Command  
  20  1:46  Command Center  
  20  1:50  Supply Depot  
  20  1:54  SCV  
  21  1:59  Marine  
  22  2:06  SCV  
  23  2:10  Factory  
  23  2:18  SCV  
  23  2:19  Refinery  
  23  2:21  Barracks Reactor  
  24  2:30  SCV  
  25  2:42  SCV  
  26  2:54  SCV  
  26  2:58  Marine x2  
  28  2:59  Widow Mine  
  28  3:00  Orbital Command, Starport  
  31  3:06  SCV  
  32  3:16  Marine x2  
  32  3:18  SCV  
  35  3:21  Factory Tech Lab  
  35  3:26  SCV  
  36  3:29  Supply Depot  
  36  3:31  SCV  
  37  3:37  Viking  
  37  3:39  SCV  
  37  3:40  Cyclone  
  45  3:43  SCV  
  43  3:51  SCV  
  45  3:55  SCV  
  45  4:01  Command Center  
  45  4:03  SCV, Marine  
  45  4:04  Marine  
  45  4:07  SCV  
  45  4:09  Supply Depot  
  49  4:15  Siege Tank  
  49  4:16  Starport Tech Lab  
  52  4:17  SCV  
  52  4:18  Refinery  
  52  4:19  SCV  
  54  4:30  SCV, Marine x2  
  57  4:32  SCV, Supply Depot  
  57  4:35  Barracks  
  57  4:38  Raven  
  60  4:43  SCV  
  60  4:44  SCV  
  61  4:46  Supply Depot  
  61  4:48  Marine  
  62  4:54  Supply Depot, Marine  
  62  4:57  SCV x2  
  65  5:00  Barracks  
  65  5:05  Engineering Bay x2  
  65  5:09  SCV x2  
  65  5:13  Orbital Command  
  67  5:21  SCV x2  
  67  5:24  Marine  
  67  5:25  Marine  
  67  5:33  SCV x2  
  67  5:40  Marine  
  67  5:42  Marine  
  67  5:45  SCV x3  
  67  5:48  Marine  
  64  5:57  SCV x3  
  66  6:05  Stimpack  
  66  6:07  Barracks Reactor  
  66  6:09  SCV x2  
  69  6:13  Siege Tank  
  69  6:17  Marine x3  
  75  6:20  Starport Reactor  
  75  6:21  SCV, Terran Infantry Weapons Level 1  
  75  6:22  Orbital Command, Terran Infantry Armor Level 1  
  75  6:23  SCV  
  77  6:27  Refinery  
  76  6:33  SCV  
  76  6:35  SCV, Marine x3  
  81  6:41  Barracks  
  81  6:42  Barracks  
  81  6:45  SCV  
  81  6:46  Marine  
  81  6:47  SCV, Marine  
  82  6:49  SCV  
  82  6:53  Siege Tank  
  89  6:56  Supply Depot  
  89  6:58  SCV  
  89  6:59  SCV, Supply Depot  
  89  7:01  SCV  
  92  7:03  Medivac  
  92  7:04  Medivac  
  96  7:10  SCV, Marine x4  
  101  7:17  SCV x2, Marine  
  101  7:21  Supply Depot  
  101  7:22  SCV, Supply Depot  
  105  7:23  Supply Depot  
  105  7:25  Siege Tank  
  105  7:28  Refinery  
  110  7:30  Refinery  
  110  7:33  Marine x2, Liberator  
  110  7:34  Liberator  
  110  7:36  Marine  
  117  7:42  Marine x4  
  117  7:44  Supply Depot  
  121  7:45  Combat Shield, Supply Depot  
  121  7:46  Supply Depot  
  121  7:51  Marine  
  122  7:52  Marine  
  122  7:54  Marine  
  122  7:57  Siege Tank  
  126  8:00  Marine x4  
  130  8:09  Marine  
  130  8:10  Marine  
  130  8:12  Marine  
  133  8:14  Supply Depot  
  133  8:15  Liberator  
  133  8:16  Liberator  
  133  8:18  Marine x4  
  143  8:26  Marine  
  142  8:28  Marine  
  142  8:30  Marine  
  144  8:36  Marine x4  
  144  8:38  SCV x3  
  144  8:39  Refinery x2  
  151  8:44  Marine  
  151  8:46  Marine  
  151  8:47  Siege Tank  
  151  8:48  Marine  
  157  8:50  SCV x3  
  157  8:53  Marine x4  
  160  8:58  Medivac  
  160  8:59  Medivac  
  160  9:02  SCV x3, Marine  
  161  9:04  Marine  
  161  9:05  Marine  
  161  9:11  Marine x4  
  161  9:14  SCV x3  
  164  9:20  Marine  
  164  9:21  Marine  
  164  9:23  Marine, Siege Tank  
  169  9:26  SCV  
  169  9:28  Liberator  
  169  9:29  Marine x4  
  156  9:38  Marine  
  137  9:39  Marine  
  137  9:41  Marine  
  135  9:47  Marine x4  
Show
View Real Time Build Order
Export as new Build Order

Neeblet Protoss 

Build Orders: 1 Gate Expand, Oracle Opening 

Get SALT Encoding   

  12  0:00  Probe  
  13  0:13  Probe  
  14  0:17  Pylon  
  14  0:25  Probe (Chrono Boost)  
  15  0:36  Gateway  
  15  0:37  Probe (Chrono Boost)  
  16  0:43  Probe (Chrono Boost)  
  16  0:45  Assimilator  
  17  0:51  Probe  
  18  1:03  Probe  
  19  1:15  Probe  
  20  1:23  Nexus  
  20  1:33  Cybernetics Core  
  20  1:34  Probe  
  20  1:39  Assimilator  
  21  1:47  Probe  
  22  1:50  Pylon  
  22  1:59  Probe (Chrono Boost)  
  23  2:07  Adept (Chrono Boost)  
  24  2:09  Probe (Chrono Boost)  
  24  2:14  Probe  
  26  2:19  Stargate  
  27  2:26  Probe  
  27  2:28  Warp Gate  
  28  2:35  Adept  
  30  2:39  Probe (Chrono Boost)  
  32  2:44  Probe (Chrono Boost)  
  32  2:48  Probe (Chrono Boost)  
  34  2:52  Probe (Chrono Boost)  
  34  2:55  Probe  
  35  3:01  Oracle (Chrono Boost)  
  35  3:03  Probe  
  39  3:06  Adept  
  39  3:07  Probe  
  42  3:15  Probe  
  42  3:16  Pylon  
  42  3:19  Probe  
  44  3:27  Probe, Gateway  
  44  3:28  Gateway  
  44  3:32  Probe  
  46  3:35  Oracle (Chrono Boost)  
  46  3:39  Probe  
  50  3:43  Assimilator  
  50  3:45  Pylon  
  50  3:49  Probe  
  50  3:53  Probe, Assimilator  
  52  4:01  Probe  
  53  4:03  Oracle (Chrono Boost), Pylon  
  53  4:05  Probe  
  57  4:13  Probe, Pylon  
  58  4:17  Probe  
  58  4:22  Adept x3  
  65  4:25  Probe  
  63  4:36  Nexus  
  63  4:43  Adept x2  
  63  4:45  Adept  
  69  4:47  Probe  
  69  4:48  Probe (Chrono Boost)  
  71  4:57  Forge  
  71  4:59  Twilight Council  
  71  5:00  Probe (Chrono Boost)  
  71  5:02  Probe (Chrono Boost)  
  71  5:05  Pylon  
  73  5:07  Sentry  
  73  5:09  Probe (Chrono Boost)  
  73  5:10  Probe (Chrono Boost)  
  77  5:14  Probe (Chrono Boost)  
  78  5:22  Probe  
  78  5:26  Probe  
  76  5:33  Sentry x2  
  76  5:34  Probe  
  81  5:38  Probe  
  82  5:45  Protoss Ground Weapons Level 1 (Chrono Boost)  
  82  5:46  Probe  
  82  5:49  Probe, Charge (Chrono Boost)  
  84  5:50  Probe  
  77  5:58  Probe  
  77  6:01  Probe  
  77  6:02  Probe  
  76  6:04  Templar Archives  
  76  6:07  Gateway  
  76  6:08  Robotics Facility, Gateway  
  76  6:09  Gateway  
  76  6:10  Probe  
  77  6:12  Assimilator  
  77  6:13  Probe  
  77  6:14  Probe  
  77  6:15  Assimilator  
  77  6:16  Phoenix  
  81  6:22  Probe  
  81  6:24  Zealot x3  
  81  6:25  Probe  
  89  6:28  Photon Cannon  
  89  6:30  Pylon  
  89  6:31  Shield Battery  
  89  6:32  Pylon  
  89  6:38  Pylon  
  89  6:41  Gateway  
  89  6:42  Gateway  
  89  6:44  Pylon  
  89  6:47  Psionic Storm  
  89  6:50  High Templar x2  
  89  6:51  High Templar  
  89  7:08  Nexus  
  89  7:10  Pylon  
  89  7:13  Warp Prism (Chrono Boost)  
  89  7:18  Probe x3, Forge  
  89  7:21  High Templar  
  89  7:22  High Templar x2  
  96  7:26  Zealot x3  
  104  7:30  Gateway  
  104  7:32  Probe x2, Gateway  
  104  7:33  Probe  
  107  7:44  Probe x2  
  107  7:46  Warp Prism (Chrono Boost)  
  107  7:50  Zealot x5  
  121  7:52  Probe  
  121  7:58  Probe  
  123  8:02  Protoss Ground Armor Level 1 (Chrono Boost)  
  123  8:03  Zealot, High Templar x2  
  129  8:08  Archon  
  129  8:14  Assimilator  
  129  8:15  Immortal  
  133  8:20  Assimilator  
  133  8:23  Pylon  
  133  8:26  Pylon  
  131  8:28  Zealot x3  
  131  8:29  Zealot  
  131  8:30  High Templar  
  131  8:31  High Templar  
  141  8:35  Archon  
  141  8:51  Stalker x3, Zealot x3  
  141  8:53  Zealot x2  
  141  8:54  Immortal  
  141  8:55  Probe  
  151  8:58  Probe  
  140  9:03  Probe  
  140  9:04  Probe  
  140  9:07  Probe  
  135  9:12  Zealot  
  135  9:13  Zealot x4  
  135  9:14  Zealot  
  144  9:18  Pylon  
  144  9:23  Pylon  
  130  9:34  Probe  
  130  9:35  Zealot  
  130  9:36  Zealot x6  
  123  9:41  Archon  
  123  9:43  Probe  
  120  9:47  Stalker x3  
  108  9:56  High Templar x4  
Tags
 
Add a new tag
Caveats
  • Supply blocks, unpowered buildings, or Contaminate may cause inaccurate times.
  • Supply counts are checked every 10 seconds.